 Dungeon Crawl Stone Soup version 0.22-a0-779-g6f83d72c62 (webtiles) character file.

4 RedPan the Gusty (level 1, -2/13 HPs)
             Began as a Barachi Air Elementalist on July 19, 2018.
             Slain by a hobgoblin
             ... wielding a +0 club
              (5 damage)
             ... on level 1 of the Dungeon.
             The game lasted 00:00:57 (189 turns).

RedPan the Gusty (Barachi Air Elementalist)          Turns: 189, Time: 00:00:57

Health: -2/13      AC:  2    Str:  9    XL:     1   Next: 60%
Magic:  0/3        EV: 12    Int: 15    God:
Gold:   43         SH:  0    Dex: 12    Spells: 3/4 levels left

rFire    . . .     SeeInvis .   f - +0 dagger
rCold    . . .     Gourm    .   (no shield)
rNeg     . . .     Faith    .   a - +0 robe
rPois    .         Spirit   .   (no helmet)
rElec    .         Reflect  .   (no cloak)
rCorr    .         Harm     .   (no gloves)
MR       .....                  (no boots)
Stlth    ++........             (no amulet)
HPRegen  0.04/turn              (no ring)
MPRegen  0.08/turn              (no ring)

@: very slightly contaminated, slow
A: +LOS, swims, slowness 1, strong legs 1
a: Hop


You were on level 1 of the Dungeon.
You were not hungry.

You visited 1 branch of the dungeon, and saw 1 of its levels.

You collected 43 gold pieces.

Inventory:

Hand Weapons
 f - a +0 dagger (weapon)
Armour
 a - a +0 robe (worn)
Jewellery
 e - an uncursed ring of poison resistance {unknown}
Scrolls
 b - a scroll of identify {unknown}
Comestibles
 c - 3 rations
 d - a chunk of flesh


   Skills:
 + Level 2.3 Dodging
 - Level 1.7 Stealth
 + Level 2.2 Spellcasting
 + Level 1.2 Conjurations
 + Level 3.3 Air Magic


You had 3 spell levels left.
You knew the following spells:

 Your Spells              Type           Power        Failure   Level  Hunger
a - Shock                 Conj/Air       #...         9%          1    #......

Your spell library contained the following spells:

 Spells                   Type           Power        Failure   Level  Hunger
 Lightning Bolt           Conj/Air       #.........   93%         5    ######.
 Swiftness                Chrm/Air       #.......     16%         2    ###....
 Airstrike                Air            ##........   47%         4    #####..
 Static Discharge         Conj/Air       #.......     26%         3    ###....


Dungeon Overview and Level Annotations

Branches:
Dungeon (1/15)

Altars:


Innate Abilities, Weirdness & Mutations

Shadows flee at your approach. (+LOS)
You can swim through water.
You cover ground slowly.
You can hop short distances.


Message History

Aim: a hobgoblin, wielding a club (lightly wounded) That beam is likely to hit you.
Continue anyway?
Okay, then.
Casting: Shock (safe; 9% risk of failure)
Confirm with . or Enter, or press ? or * to list all spells.
Aiming: Shock (safe; 9% risk of failure)
Press: ? - help, Shift-Dir - straight line, f/p - hobgoblin
Aim: a hobgoblin, wielding a club (lightly wounded)
The zap hits the hobgoblin.
The hobgoblin is moderately wounded.
The frilled lizard closely misses you. The hobgoblin barely misses you.
You closely miss the hobgoblin.
The hobgoblin is moderately wounded.
The frilled lizard barely misses you. The hobgoblin hits you with a club.
You closely miss the hobgoblin.
The hobgoblin is moderately wounded.
The frilled lizard bites you.
* * * LOW HITPOINT WARNING * * *
The hobgoblin hits you with a club.
You die...

## ####......... .... .#
#...........# .....
..###......#...## .....
...........#...+.
.....####..........#...#[
............####.......
#...#.......###.......
#####...#.#+#....##.......
.........@#.#....##.......
........lg#...............
..........#...............
..........#>..............
..........................
..#########.....#.......(.
##..........#.........
#........?...#.........
#.....g......#...!.....


You could see a hobgoblin and a frilled lizard.

Vanquished Creatures
  2 bats (D:1)
  A frilled lizard (D:1)
  2 rats (D:1)
5 creatures vanquished.

Notes
Turn   | Place    | Note
-------+----------+-------------------------------------------
     0 | D:1      | RedPan the Barachi Air Elementalist began the quest for the Orb.
     0 | D:1      | Reached XP level 1. HP: 13/13 MP: 3/3
   189 | D:1      | Slain by a hobgoblin

Vault maps used:
D:1:      minmay_arrival_arboretum_large

Action                   || total
-------------------------++-------
Melee: Dagger            ||     4
 Cast: Shock             ||     9
Armor: Robe              ||     3
Dodge: Dodged            ||     5

Table legend:
 A = Spawn XP
 B = Non-spawn XP
 C = Spawn XP percentage of total XP
 D = Spawn monster count
 E = Non-spawn monster count
 F = Spawn count percentage of total count
 G = Total turns spent on level
                    A         B        C        D         E        F      G
               +---------+---------+-------+---------+---------+-------+---------
         Total |       0 |       6 |   0.0 |       0 |       5 |   0.0 |   189
               +---------+---------+-------+---------+---------+-------+---------
           D:1 |       0 |       6 |   0.0 |       0 |       5 |   0.0 |   189
               +---------+---------+-------+---------+---------+-------+---------
